 Dungeon Crawl Stone Soup version 0.27-a0-1071-ga85bd9520d (webtiles) character file.

Game seed: 14810258455605380300

6352 voltaire321 the Nimble (level 10, -19/75 HPs)
             Began as a Djinni Gladiator on Apr 24, 2021.
             Was an Initiate of Wu Jian.
             Demolished by an ice beast (21 damage)
             ... on level 1 of the Lair of Beasts on Apr 25, 2021.
             The game lasted 00:33:49 (11611 turns).

voltaire321 the Nimble (Djinni Gladiator)          Turns: 11611, Time: 00:33:50

Health: -19/75     AC: 16    Str: 13    XL:     10   Next: 96%
Gold:   669        EV: 14    Int: 11    God:    Wu Jian [......] SH:  0 Dex: 17

rFire    + + .     SeeInvis .   g - +0 demon blade
rCold    x . .     Faith    .   (no shield)
rNeg     + . .     Spirit   .   D - +2 ring mail {rPois}
rPois    ∞         Reflect  .   c - +0 helmet
rElec    .         Harm     .   (no cloak)
rCorr    .         Rampage  .   w - +2 pair of gloves {Stlth+}
Will     +....                  (boots unavailable)
Stlth    ++........             (no amulet)
HPRegen  0.22/turn              h - +4 ring of protection
MPRegen  0.00/turn              u - ring of positive energy

@: flying
A: fire resistance 2, cold vulnerability 1, float, innate caster, hp casting,
extra vitality 1
a: Renounce Religion


You were on level 1 of the Lair of Beasts.
You worshipped Wu Jian.
Wu Jian was noncommittal.
You visited 3 branches of the dungeon, and saw 11 of its levels.
You also visited: Ossuary and Ice Cave.

You collected 764 gold pieces.
You spent 95 gold pieces at shops.

Inventory:

Hand Weapons
 g - a +0 demon blade (weapon)
 p - a +3 scimitar of freezing
Missiles
 d - 3 throwing nets (quivered)
 v - 3 boomerangs
 y - 4 curare-tipped darts
Armour
 c - a +0 helmet (worn)
 o - +0 storm dragon scales
 w - a +2 pair of gloves of stealth (worn)
 C - +0 acid dragon scales
 D - a +2 ring mail of poison resistance (worn)
 F - a +1 leather armour of willpower
Jewellery
 b - a ring of see invisible
 h - a +4 ring of protection (left hand)
 u - a ring of positive energy (right hand)
Wands
 a - a wand of iceblast (5)
 f - a wand of polymorph (4)
 s - a wand of flame (20)
 A - a wand of acid (11)
Scrolls
 j - 2 scrolls of teleportation
 m - 4 scrolls of holy word
 t - 2 scrolls of identify
 x - a scroll of enchant weapon
 B - 2 scrolls of magic mapping
Potions
 e - 3 potions of cancellation
 i - a potion of heal wounds
 k - 3 potions of brilliance {unknown}
 l - 4 potions of mutation {unknown}
 n - 3 potions of resistance
 q - 7 potions of curing
 r - a potion of attraction {unknown}
 z - a potion of invisibility {unknown}


   Skills:
 + Level 7.3 Fighting
 + Level 6.8 Long Blades
 + Level 5.9 Throwing
 - Level 5.0 Armour
 + Level 8.2 Dodging
 + Level 5.6 Spellcasting


You had 11 spell levels left.
You knew the following spells:

 Your Spells              Type           Power      Damage    Failure   Level
a - Foxfire               Conj/Fire      60%        2x1d7     4%          1
b - Searing Ray           Conj           30%        3d4       6%          2
c - Vampiric Draining     Necr           7%         2d7       12%         3
d - Call Canine Familiar  Summ           15%        N/A       12%         3
Your spell library was empty.

Dungeon Overview and Level Annotations

Branches:
Dungeon (9/15)             Temple (1/1) D:7            Lair (1/6) D:9
    Orc (0/2) D:9         Ossuary (visited)           IceCv (visited)

Altars:
Ashenzari
Cheibriados
Dithmenos
Elyvilon
Fedhas
Gozag
Hepliaklqana
Kikubaaqudgha
Makhleb
Nemelex Xobeh
Okawaru
Qazlal
Ru
Sif Muna
Trog
Uskayaw
Vehumet
Wu Jian
Xom
Yredelemnul
Zin
The Shining One

Shops:
D:3 !   D:4 !


Innate Abilities, Weirdness & Mutations

You are immune to poison.
Your flesh is very heat resistant. (rF++)
You are vulnerable to cold. (rC-)
You float through the air rather than walking.
You learn spells naturally, not from books.
Your magical power is your life essence.
You have superior vitality. (+4 HP)


Message History

The ice beast barely misses you.
The ice beast hits you but does no damage.
You hit the ice beast.
The ice beast is lightly wounded.
The ice beast hits you but does no damage.
The ice beast barely misses you.
Your ring mail prevents you from hitting the ice beast.
The ice beast is lightly wounded.
The ice beast hits you. The ice beast freezes you!
You feel a terrible chill! The ice beast hits you. The ice beast freezes you!
You feel a terrible chill! The ice beast barely misses you.
There is an ice choked empty arch of ancient stone here.
There is an ice covered gate leading back out of this place here.
The ice beast hits you but does no damage.
Welcome back to the Lair of Beasts!
There is a collapsed entrance here.
The ice beast barely misses you. The ice beast closely misses you.
You completely miss the ice beast.
The ice beast is moderately wounded.
The ice beast hits you. The ice beast freezes you!!
You feel a terrible chill!
* * * LOW HITPOINT WARNING * * *
The ice beast hits you but does no damage.
You hit the ice beast.
The ice beast is heavily wounded.
The ice beast hits you but does no damage. x2
You hit the ice beast.
The ice beast is heavily wounded.
The ice beast hits you but does no damage.
The ice beast closely misses you.
You slash the ice beast!
The ice beast is almost dead.
The ice beast hits you.
* * * LOW HITPOINT WARNING * * *
The ice beast freezes you!
You feel a terrible chill!
* * * LOW HITPOINT WARNING * * *
The ice beast hits you.
* * * LOW HITPOINT WARNING * * *
The ice beast freezes you!!
You feel a terrible chill!
You die...

#............
#...#.......
#...........
#.#...#.....
##...........
#....#...^...
#...........#
#.YY##..#####
##.@.P..#
##......#
##P......#
#.......##
##.......#
#......##
##......##
#P.......#
##.......#


You could see 2 ice beasts.

Vanquished Creatures
  A fire dragon (D:9)
  A two-headed ogre (D:8)
  A manticore (D:8)
  A troll (D:9)
  A wyvern (D:8)
  The ghost of Zenkrye the Firebug, an amateur DgFE (D:4)
  3 water moccasins
  An acid dragon (D:8)
  Duvessa (D:6)
  2 sky beasts
  2 ice beasts (IceCv)
  3 orc warriors
  4 ogres
  6 centaurs
  2 phantoms
  3 bullfrogs
  Dowan (D:6)
  17 wights
  An electric eel (D:6)
  4 howler monkeys (D:7)
  A crimson imp (D:4)
  A human zombie (Ossuary)
  4 centaur zombies (Ossuary)
  A jelly (D:8)
  3 bullfrog skeletons
  An orc priest (D:6)
  2 iguanas
  A centaur skeleton (D:7)
  3 orc wizards
  A killer bee zombie (D:6)
  A hound zombie (Ossuary)
  3 mummies (Ossuary)
  2 howler monkey zombies
  7 adders
  A river rat (D:4)
  A shadow imp (D:6)
  2 white imps
  3 adder skeletons (D:4)
  2 adder zombies (Ossuary)
  A worm (D:4)
  3 dart slugs
  18 orcs
  12 ball pythons
  10 endoplasms
  5 giant cockroaches
  2 gnoll zombies (Ossuary)
  7 hobgoblins
  4 jackals (D:5)
  4 quokkas
  4 bats
  A frilled lizard (D:1)
  7 goblins
  2 goblin zombies (Ossuary)
  7 hobgoblin zombies (Ossuary)
  5 jackal zombies (Ossuary)
  12 kobolds
  3 kobold zombies (Ossuary)
  An orc zombie (Ossuary)
  3 quokka zombies (Ossuary)
  5 rats
  5 rat zombies (Ossuary)
217 creatures vanquished.

Vanquished Creatures (others)
  28 foxfires
28 creatures vanquished.

Grand Total: 245 creatures vanquished

Notes
Turn   | Place    | Note
-------+----------+-------------------------------------------
     0 | D:1      | voltaire321 the Djinni Gladiator began the quest for the
                  | Orb.
     0 | D:1      | Reached XP level 1. HP: 18/18 MP: 0/0
   334 | D:1      | Reached XP level 2. HP: 23/23 MP: 0/0
   609 | D:1      | Reached XP level 3. HP: 22/28 MP: 0/0
   609 | D:1      | Learned a level 1 spell: Foxfire
  1397 | D:2      | Reached skill level 1 in Spellcasting
  1553 | D:2      | Reached XP level 4. HP: 34/34 MP: 0/0
  1709 | D:3      | Found Jycsuef's Distillery.
  1714 | D:3      | Noticed an orc warrior
  1716 | D:3      | Bought a potion of might for 56 gold pieces
  1861 | D:3      | Killed an orc warrior
  1862 | D:3      | Reached skill level 1 in Armour
  1862 | D:3      | Reached skill level 4 in Dodging
  1862 | D:3      | Reached XP level 5. HP: 15/40 MP: 0/0
  1862 | D:3      | Learned a level 2 spell: Searing Ray
  2572 | D:4      | Reached XP level 6. HP: 37/46 MP: 0/0
  3203 | D:4      | Found Hydaism's Distillery.
  3210 | D:4      | Bought a potion of curing for 39 gold pieces
  3283 | D:4      | Found a runed translucent door.
  3287 | D:4      | Noticed Zenkrye's ghost (amateur DgFE)
  3304 | D:4      | Reached XP level 7. HP: 41/50 MP: 0/0
  3304 | D:4      | Learned a level 3 spell: Vampiric Draining
  3307 | D:4      | Killed Zenkrye's ghost
  3397 | D:4      | Found a runed translucent door.
  4082 | D:5      | Entered Level 5 of the Dungeon
  4218 | D:5      | Found a sand-covered staircase.
  4224 | Ossuary  | Entered an ossuary
  4250 | Ossuary  | Reached skill level 5 in Dodging
  4479 | Ossuary  | Reached XP level 8. HP: 50/58 MP: 0/0
  6093 | D:6      | Noticed Duvessa
  6102 | D:6      | Noticed Dowan
  6112 | D:6      | Killed Duvessa
  6124 | D:6      | Killed Dowan
  6360 | D:6      | Reached skill level 5 in Fighting
  6360 | D:6      | Reached skill level 6 in Dodging
  6360 | D:6      | Reached XP level 9. HP: 50/65 MP: 0/0
  6360 | D:6      | Learned a level 3 spell: Call Canine Familiar
  6470 | D:6      | Reached skill level 5 in Long Blades
  7792 | D:7      | Found a staircase to the Ecumenical Temple.
  7798 | Temple   | Entered the Ecumenical Temple
  8016 | Temple   | Became a worshipper of the Wu Jian Council
  8543 | D:7      | Found a burning altar of Makhleb.
  8556 | D:7      | Reached skill level 5 in Armour
  8711 | D:8      | Noticed a manticore
  8724 | D:8      | Killed a manticore
  8725 | D:8      | Reached skill level 5 in Throwing
  8725 | D:8      | Reached skill level 7 in Dodging
  8725 | D:8      | Reached XP level 10. HP: 18/72 MP: 0/0
  9167 | D:8      | Noticed a two-headed ogre
  9191 | D:8      | Killed a two-headed ogre
  9192 | D:8      | Reached skill level 5 in Spellcasting
  9947 | D:8      | Reached * piety under Wu Jian
 10327 | D:9      | Found a staircase to the Orcish Mines.
 10691 | D:9      | Noticed a fire dragon
 10776 | D:9      | Killed a fire dragon
 10777 | D:9      | Reached skill level 8 in Dodging
 11007 | D:9      | Identified the Disquisition on Ghastly Creation
 11127 | D:9      | Found a staircase to the Lair.
 11430 | Lair:1   | Entered Level 1 of the Lair of Beasts
 11562 | Lair:1   | Found a frozen archway.
 11574 | IceCv    | Entered an ice cave
 11611 | Lair:1   | HP: 3/75 [ice beast (16)]
 11611 | Lair:1   | Demolished by an ice beast

Illustrated notes

Levels and vault maps discovered:
D:1:      dpeg_arrival_snail, layout_basic
D:2:      layout_rooms, hangedman_decor_riveting
D:3:      layout_basic, serial_shops, shop_statue
D:4:      minmay_bubble_buster, layout_layer_cave, serial_shops, shop,
          ebering_ghost_sewer_f, minmay_fire_ice_demons
D:5:      layout_basic, lightli_ossuary_entry_decrepit_ruins
D:6:      layout_loops_ring, nrook_pool_corridor, centaur_isle, uniq_duvessa
D:7:      layout_rooms, overflow_temple_1_default,
          minmay_temple_entry_enclosed_plants
D:8:      layout_basic
D:9:      dragon1_lemuel, layout_loops_ring, lair_entry_dummy, david_orc_2
Temple:   minmay_crystal_snake_temple
Lair:1:   layout_hall_layers, portal_ice_cave_entry_pillars_1, nzn_random_ring,
          lemuel_fruit_tree, serial_bayou_shore_a, lemuel_fruit_fields

Skill      XL: |  1  2  3  4  5  6  7  8  9 10 |
---------------+-------------------------------+-----
Long Blades    | 3 4 5 6 |  6.8
Throwing       | 2 3 4 5 |  5.9
Spellcasting   | 1 2 3 4 5 |  5.6
Fighting       | 3 4 5 6 7 |  7.3
Armour         | 1 2 3 5 |  5.0
Dodging        | 4 5 6 7 8 |  8.2

Action                   |  1- 3 |  4- 6 |  7- 9 | 10-12 || total
-------------------------+-------+-------+-------+-------++-------
Melee: Long sword        |    90 |   101 |   252 |       ||   443
       Scimitar          |       |       |    27 |   114 ||   141
       Demon blade       |       |       |       |    14 ||    14
 Cast: Foxfire           |       |    11 |     5 |       ||    16
       Vampiric Draining |       |       |       |     1 ||     1
Invok: Lunge             |       |       |     5 |     5 ||    10
  Use: Scroll            |       |    10 |     3 |     5 ||    18
       Potion            |       |     1 |     2 |     2 ||     5
 Stab: Sleeping          |       |     2 |     1 |     3 ||     6
       Distracted        |       |       |     4 |     1 ||     5
Armor: Leather armour    |    30 |    25 |    92 |    24 ||   171
       Storm dragon scal |       |    14 |       |       ||    14
       Acid dragon scale |       |       |       |    27 ||    27
       Ring mail         |       |       |       |    17 ||    17
Dodge: Dodged            |    73 |    61 |   194 |   120 ||   448
       Rpst.: Long sword |    23 |    20 |    42 |       ||    85
       Scimitar          |       |       |     7 |    22 ||    29
       Demon blade       |       |       |       |     1 ||     1

Table legend: (Time is in decaauts)
 A = Elapsed time spent in this place.
 B = Non-inter-level travel time spent in this place.
 C = Inter-level travel time spent in this place.
 D = Time resting spent in this place.
 E = Time spent auto-exploring this place.
 F = Levels seen in this place.
 G = Mean time per level.
                   A        B        C        D        E       F      G
               +--------+--------+--------+--------+--------+-----+--------+
         Total |  11709 |  11357 |    352 |   2837 |   6070 |  13 |  900.7 |
       Dungeon |  10851 |  10610 |    241 |   2837 |   5689 |   9 | 1205.7 |
        Temple |    304 |    193 |    111 |      0 |    155 |   1 |  304.0 |
          Lair |    153 |    153 |      0 |      0 |     68 |   1 |  153.0 |
       Ossuary |    372 |    372 |      0 |      0 |    158 |   1 |  372.0 |
      Ice Cave |     27 |     27 |      0 |      0 |      0 |   1 |   27.0 |
               +--------+--------+--------+--------+--------+-----+--------+

Top non-repeatable levels by time:
     D:6: 1643 daAuts
     D:4: 1613 daAuts
     D:8: 1596 daAuts
     D:5: 1235 daAuts
     D:9: 1199 daAuts
     D:7: 1047 daAuts
     D:1: 1028 daAuts
     D:3: 781 daAuts
     D:2: 706 daAuts
 Ossuary: 372 daAuts
  Temple: 304 daAuts
  Lair:1: 153 daAuts
   IceCv: 27 daAuts
